 Dungeon Crawl Stone Soup version 0.31-a0-261-g072fdb8a1f (webtiles) character file.

Game seed: 5714506760033246232

189 gruber the Ruffian (level 5, 0/38 HPs)
             Began as a Demonspawn Shapeshifter on July 13, 2023.
             Slain by an orc
             ... wielding a +0 dagger
              (2 damage)
             ... on level 4 of the Dungeon.
             The game lasted 00:03:39 (3178 turns).

gruber the Ruffian (Demonspawn Shapeshifter)        Turns: 3178, Time: 00:03:40

Health: 0/38       AC:  2    Str: 17    XL:     5   Next: 40%
Magic:  5/5        EV: 12    Int:  9    God:
Gold:   149        SH:  0    Dex: 14    Spells: 4/4 levels left

rFire   . .          .
                       - Unarmed
rCold   . . .        (no shield)
rNeg    . . .        a - +0 animal skin
rPois   .            (helmet currently unavailable)
rElec   .            (cloak currently unavailable)
rCorr   .            (gloves currently unavailable)
SInv    .            (boots currently unavailable)
Will    .....        (no amulet)
Stlth   +            (no ring)
HPRegen 0.26/turn    (no ring)
MPRegen 0.18/turn

%: no passive effects
@: beast-form
A: beast (slay +1), magic regeneration, weakness stinger 1
a: Begin Untransformation


You were on level 4 of the Dungeon.
You were a hulking beast.
You visited 1 branch of the dungeon, and saw 4 of its levels.

You collected 149 gold pieces.

Inventory:

Armour
 a - a +0 animal skin (worn)
Jewellery
 h - a ring of fire
Talismans
 c - a beast talisman
Scrolls
 d - 4 scrolls of amnesia {unknown}
 e - 2 scrolls of blinking {unknown}
 g - a scroll of poison {unknown}
 j - 3 scrolls of identify {unknown}
 k - a scroll of vulnerability {unknown}
 l - a scroll of revelation {unknown}
 m - a scroll of enchant weapon {unknown}
 n - a scroll of teleportation {unknown}
 q - a scroll of immolation {unknown}
Potions
 b - a potion of lignification
 f - 4 potions of curing {unknown}
 i - a potion of magic {unknown}
 o - a potion of enlightenment {unknown}
 p - a potion of brilliance {unknown}


   Skills:
 * Level 2.2 Fighting
 - Level 1.7 Dodging
 - Level 5.1 Unarmed Combat
 - Level 2.6 Shapeshifting


You had 4 spell levels left.
You didn't know any spells.
Your spell library contained the following spells:

 Spells                   Type           Power      Damage    Failure   Level
 Magic Dart               Conj           0%         1d3       38%         1
 Blink                    Tloc           0%         N/A       52%         2
 Call Imp                 Summ           0%         N/A       52%         2
 Lesser Beckoning         Tloc           0%         N/A       52%         2
 Momentum Strike          Conj/Tloc      0%         3d8       52%         2
 Mephitic Cloud           Conj/Pois/Air  0%         N/A       77%         3


Dungeon Overview and Level Annotations

Branches:
Dungeon (4/15)
 Temple: D:4-7

Altars:


Innate Abilities, Weirdness & Mutations

You are a hulking beast.
Your limbs bulge with bestial killing power. (Slay +1)
You regenerate magic rapidly.
You have a small tail.


Message History

The gnoll is severely wounded.
You hit the gnoll but do no damage.
The gnoll is severely wounded.
The orc closely misses you. The gnoll hits you with a +0 flail!
You punch the gnoll!
You kill the gnoll!
The orc hits you but does no damage.
You hit the sleepcap but do no damage. The sleepcap releases spores at you.
You are engulfed in a cloud of soporific spores!
You fall asleep.
The orc hits you with a +0 dagger.
You wake up.
Unknown command.
Unknown command.
Unknown command.
You hit the sleepcap. You punch the sleepcap.
The sleepcap is moderately damaged.
The sleepcap closely misses you. The orc barely misses you.
You hit the sleepcap but do no damage.
The sleepcap is moderately damaged.
The sleepcap releases spores at you.
* * * LOW HITPOINT WARNING * * *
You are engulfed in a cloud of soporific spores!
You are unaffected.
The orc barely misses you.
You completely miss the sleepcap.
The sleepcap is moderately damaged.
The sleepcap misses you. The orc hits you with a +0 dagger.
* * * LOW HITPOINT WARNING * * *
You hit the sleepcap but do no damage.
The sleepcap is moderately damaged.
The sleepcap misses you. The orc hits you with a +0 dagger.
* * * LOW HITPOINT WARNING * * *
Unknown command.
Unknown command.
You see here a ball python corpse.
The sleepcap attacks as you move away! The sleepcap releases spores at you.
* * * LOW HITPOINT WARNING * * *
The orc attacks as you move away! The orc hits you with a +0 dagger.
* * * LOW HITPOINT WARNING * * *
The orc attacks as you move away! The orc hits you with a +0 dagger.
You die...

#.#.#####.#..... #.#.# # ##.#
##.#.# #.# #....# #.# #..#.#
#.# #########..#... #<# #
......)...#.### #.# .
......))..# #.# # #.
##.####h..# ##.#.##.# #.
#.###.####fo##.##.[........
..........)o...>....#(...##.#
.#.##.###.##B###........ ...#
.............# ####....####
#.#B##.#o##..... ##.#
#........##...#. .
#....?.#.#....###
#.#.!....#.##.#


You could see a sleepcap, 2 orcs and a giant cockroach.

Vanquished Creatures
  2 orc priests
  An orc wizard (D:4)
  An adder (D:3)
  A gnoll (D:4)
  2 worms
  2 dart slugs
  10 orcs
  6 ball pythons
  3 bats
  6 endoplasms
  2 giant cockroaches
  4 goblins
  10 hobgoblins
  4 kobolds
  A quokka (D:3)
  5 frilled lizards
  8 rats
68 creatures vanquished.

Notes
Turn   | Place    | Note
-------+----------+-------------------------------------------
     0 | D:1      | gruber the Demonspawn Shapeshifter began the quest for the
                  | Orb.
     0 | D:1      | Reached XP level 1. HP: 16/16 MP: 1/1
    58 | D:1      | Reached skill level 2 in Unarmed Combat
   242 | D:1      | Gained mutation: You have a small tail. [demonic ancestry]
   242 | D:1      | Reached XP level 2. HP: 15/22 MP: 2/2
   338 | D:1      | Found a faded altar of an unknown god.
  1091 | D:1      | Reached skill level 3 in Unarmed Combat
  1231 | D:2      | Identified the +8 hand axe of Voythoth {distort, Contam
                  | Will+ Int+3}
  1356 | D:2      | Reached XP level 3. HP: 27/27 MP: 3/3
  2133 | D:2      | Reached skill level 4 in Unarmed Combat
  2133 | D:2      | Gained mutation: You regenerate magic rapidly. [demonic
                  | ancestry]
  2133 | D:2      | Reached XP level 4. HP: 29/33 MP: 4/4
  2563 | D:3      | Reached XP level 5. HP: 32/38 MP: 5/5
  3040 | D:4      | Reached skill level 5 in Unarmed Combat
  3178 | D:4      | Slain by an orc

Illustrated notes

Levels and vault maps discovered:
D:1:      dpeg_arrival_arbitrary_a, layout_basic, ebering_ecumenical_altar_rust
D:2:      layout_basic, minmay_3d_cube
D:3:      layout_rooms
D:4:      layout_loops_ring, mainiacjoe_overflow_alcove_1,
          mainiacjoe_overflow_cross_hatched, minmay_temple_entry_junction_2,
          hangedman_abyss_or_decor_jellyfish_corner, minmay_diced_spiral

Skill      XL: |  1  2  3  4  5 |
---------------+----------------+-----
Unarmed Combat | 2 3 4 5 |  5.1
Fighting       | |  2.2
Dodging        | |  1.7
Shapeshifting  | |  2.6

Action                     |  1- 3 |  4- 6 || total
---------------------------+-------+-------++-------
  Melee: Unarmed           |    99 |    91 ||   190
         Tailslap          |    10 |    14 ||    24
         Punch             |       |     7 ||     7
   Stab: Sleeping          |     2 |       ||     2
 Armour: Animal skin       |    13 |    11 ||    24
  Dodge: Dodged            |    50 |    44 ||    94

Table legend: (Time is in decaauts)
 A = Elapsed time spent in this place.
 B = Non-inter-level travel time spent in this place.
 C = Inter-level travel time spent in this place.
 D = Time resting spent in this place.
 E = Time spent auto-exploring this place.
 F = Levels seen in this place.
 G = Mean time per level.
                   A        B        C        D        E       F      G
               +--------+--------+--------+--------+--------+-----+--------+
         Total |   3166 |   2978 |    188 |    133 |   2415 |   4 |  791.5 |
       Dungeon |   3166 |   2978 |    188 |    133 |   2415 |   4 |  791.5 |
               +--------+--------+--------+--------+--------+-----+--------+

Top non-repeatable levels by time:
     D:1: 1201 daAuts
     D:2: 992 daAuts
     D:3: 750 daAuts
     D:4: 222 daAuts
